 Dungeon Crawl Stone Soup version 0.31.0-11-ge490571c62 (webtiles) character file.

Game seed: 3626320782140752738

60 qw the Shooter (level 3, -1/20 HPs)
             Began as a Deep Elf Hunter on Feb 4, 2024.
             Slain by a phantom (4 damage)
             ... on level 3 of the Dungeon.
             The game lasted 00:00:05 (2056 turns).

qw the Shooter (Deep Elf Hunter)                    Turns: 2056, Time: 00:00:06

Health: -1/20      AC:  8    Str: 10    XL:     3   Next: 82%
Magic:  5/5        EV: 11    Int: 13    God:
Gold:   90         SH:  0    Dex: 18    Spells: 2/2 levels left

rFire   . . .        a - +0 shortbow
rCold   . . .        (shield currently unavailable)
rNeg    . . .        f - +0 ring mail
rPois   +            (no helmet)
rElec   .            (no cloak)
rCorr   .            (no gloves)
SInv    .            h - +2 pair of boots
Will    +....        (no amulet)
Stlth   +            d - ring of poison resistance
HPRegen 0.23/turn    m - ring of willpower
MPRegen 0.09/turn

%: no passive effects
@: no status effects
A: no striking features
a: no special abilities


You were on level 3 of the Dungeon.
You visited 1 branch of the dungeon, and saw 3 of its levels.

You collected 90 gold pieces.


   Skills:
 - Level 1.5 Fighting
 + Level 7.3 Ranged Weapons
 - Level 2.4 Dodging
 - Level 1.2 Stealth


You had 2 spell levels left.
You didn't know any spells.
Your spell library was empty.

Inventory:

Hand Weapons
 a - a +0 shortbow (weapon)
Armour
 f - a +0 ring mail (worn)
 h - a +2 pair of boots (worn)
Jewellery
 d - a ring of poison resistance (left hand)
 m - a ring of willpower (right hand)
 Y - a ring of positive energy
Scrolls
 c - a scroll of fear {unknown}
Potions
 b - a potion of resistance {unknown}
 e - a potion of lignification {unknown}
 g - a potion of berserk rage {unknown}
 k - a potion of cancellation {unknown}
 l - a potion of might {unknown}

Dungeon Overview and Level Annotations

Branches:
Dungeon (3/15)

Altars:
Elyvilon


Message History

You shoot an arrow.
The arrow hits the phantom but does no damage.
The phantom is lightly damaged.
The phantom hits you.
You shoot an arrow. The arrow barely misses the phantom.
The phantom hits you but does no damage.
You shoot an arrow. The arrow hits the phantom.
The phantom is moderately damaged.
The phantom barely misses you.
You shoot an arrow.
The arrow hits the phantom but does no damage.
The phantom is moderately damaged.
The phantom hits you but does no damage. x2
You shoot an arrow.
The arrow completely misses the phantom.
The phantom hits you.
You shoot an arrow. The arrow hits the phantom.
The phantom is heavily damaged.
The phantom barely misses you.
You shoot an arrow.
The arrow hits the phantom but does no damage.
The phantom is heavily damaged.
The phantom hits you but does no damage.
You shoot an arrow. The arrow hits the phantom.
The phantom is severely damaged.
The phantom closely misses you.
The phantom hits you but does no damage.
You shoot an arrow. The arrow closely misses the phantom.
The phantom hits you but does no damage.
You shoot an arrow.
The arrow hits the phantom but does no damage.
The phantom is severely damaged.
The phantom hits you but does no damage.
You shoot an arrow. The arrow barely misses the phantom.
The phantom hits you but does no damage.
You shoot an arrow.
The arrow hits the phantom but does no damage.
The phantom is severely damaged.
The phantom hits you.
You die...

#########
.......#
......#
#....##.#
###@W.....#
.......>...####
#######..###
...."..##
#....# ##.#.##
#.#..########
#.....:.....+
#####.#######


You could see a phantom.

Vanquished Creatures
  2 adders
  A ribbon worm (D:2)
  4 ball pythons (D:2)
  6 endoplasms
  A giant cockroach (D:1)
  7 goblins
  5 kobolds
  4 quokkas
  2 bats
  3 frilled lizards
  2 rats (D:1)
37 creatures vanquished.

Notes
Turn   | Place    | Note
-------+----------+-------------------------------------------
     0 | D:1      | qw the Deep Elf Hunter began the quest for the Orb.
     0 | D:1      | Reached XP level 1. HP: 12/12 MP: 3/3
     0 | D:1      | 0 ||| qw: Version: 0.3-a-160-g6735b56
     0 | D:1      | 0 ||| qw: Game counter: 5795
     0 | D:1      | 0 ||| qw: Melee chars always use a shield: true
     0 | D:1      | 0 ||| qw: God list: Okawaru
     0 | D:1      | 0 ||| qw: Allow faded altars: false
     0 | D:1      | 0 ||| qw: Do Orc after clearing Dungeon:15 true
     0 | D:1      | 0 ||| qw: Do second Lair branch before Depths: true
     0 | D:1      | 0 ||| qw: Lair rune preference: random
     0 | D:1      | 0 ||| qw: Goals: Normal
     0 | D:1      | 0 ||| PLANNING D:1-11
   219 | D:1      | Reached XP level 2. HP: 16/16 MP: 4/4
   222 | D:1      | Reached skill level 6 in Ranged Weapons
   480 | D:1      | Found a faded altar of an unknown god.
   751 | D:1      | 751 ||| UPGRADING to +0 ring mail.
   761 | D:1      | 761 ||| DROPPING +0 leather armour.
   762 | D:1      | 762 ||| UPGRADING to ring of poison resistance.
   763 | D:1      | 763 ||| UPGRADING to ring of positive energy.
   764 | D:1      | 764 ||| READING scroll labelled NAWEEQ XIKIRIO.
   765 | D:1      | 765 ||| READING scroll labelled MUWUCKA JOA.
   766 | D:1      | 766 ||| DROPPING scroll of butterflies.
  1141 | D:2      | Reached XP level 3. HP: 20/20 MP: 5/5
  1219 | D:2      | HP: 5/20 [ribbon worm (2)]
  1450 | D:2      | Reached skill level 7 in Ranged Weapons
  1768 | D:2      | 1768 ||| UPGRADING to +2 pair of boots.
  1773 | D:2      | 1773 ||| UPGRADING to ring of willpower.
  1775 | D:2      | 1775 ||| READING scroll labelled EVIMIM KISO SAR.
  1776 | D:2      | 1776 ||| READING scroll labelled ZAAPNE GUUL.
  1777 | D:2      | 1777 ||| READING scroll labelled YXZUUPTY REQE.
  1913 | D:3      | Found a white marble altar of Elyvilon.
  2035 | D:3      | Noticed a phantom
  2045 | D:3      | HP: 5/20 [phantom (1)]
  2049 | D:3      | HP: 1/20 [phantom (5)]
  2056 | D:3      | Slain by a phantom

Levels and vault maps discovered:
D:1:      nzn_arrival_crosshair, layout_loops_ring,
          shapermc_ecumenical_altar_totnotflames,
          chequers_serial_rivers_large_b, minmay_misc_feat_rows,
          serial_bayou_lake_a
D:2:      layout_loops_corners, palyth_stone_intersect
D:3:      layout_basic, nicolae_elyvilon_peaceful_grove, uniq_robin

Skill      XL: |  1  2  3 |
---------------+----------+-----
Ranged Weapons | 6 7 |  7.3
Fighting       | |  1.5
Dodging        | |  2.4
Stealth        | |  1.2

Action                     || total
---------------------------++-------
   Fire: Shortbow          ||   107
    Use: Scroll            ||     5
 Armour: Leather armour    ||     3
         Ring mail         ||    37
  Dodge: Dodged            ||    27

Table legend:
 A = Non-vault XP
 B = Vault XP
 C = Vault XP percentage of total XP
 D = Non-vault monster count
 E = Vault monster count
 F = Vault count percentage of total count
                 A         B        C        D         E       F
            +---------+---------+-------+---------+---------+-------
      Total |      87 |       0 |   0.0 |      37 |       0 |   0.0
            +---------+---------+-------+---------+---------+-------
        D:1 |      23 |       0 |   0.0 |      14 |       0 |   0.0
        D:2 |      40 |       0 |   0.0 |      17 |       0 |   0.0
        D:3 |      24 |       0 |   0.0 |       6 |       0 |   0.0
            +---------+---------+-------+---------+---------+-------
